AoeStats
← [GDL] Maldito Pantoja

Hideout

503474499Analyzed
4v4 RM · 1mo ago on Aug 31, 2026· 47m 19s· 8 players
Game mode
Random Map
Map size
Large (8 player)
Population
200
Speed
Normal
Resources
Standard
Victory
Conquest
Starting age
Dark Age
Ending age
Imperial Age
RankedLock teamsTeams togetherTeam positionsShared explorationLock speedFull tech treeHidden civsTurbo modeCheats
Victory
Defeat
🇩🇪 Vikings · Germany
1359
+10
🇩🇪 Mongols · Germany
1359
+10
🇲🇽 Saracens · Mexico
1325
+12
🇹🇷 Poles · Türkiye
1154
+19
🇨🇭 Huns · Switzerland
1273
-15
🇨🇳 Cumans · China
1259
-14
🇬🇧 Koreans · United Kingdom
1239
-13
🇨🇳 Tatars · China
1152
-10
鱼鱼
6:33 Loom
8:39 Feudal Age
10:33 Double-Bit Axe
12:07 Horse Collar
25:41 Gold Mining
28:18 Castle Age
26:55 Wheelbarrow
27:42 Bloodlines
27:39 Scale Barding Armor
27:44 Forging
29:23 Chain Barding Armor
29:33 Hand Cart
30:27 Iron Casting
30:35 Bow Saw
30:27 Heavy Plow
31:05 Gold Shaft Mining
30:20 Stone Mining
37:41 Imperial Age
36:16 Capped Ram
39:51 Elite Steppe Lancer
42:01 Plate Barding Armor
41:47 Elite Skirmisher
42:20 Fletching
43:31 Blast Furnace
42:32 Padded Archer Armor
43:37 Chemistry
43:19 Ballistics
43:16 Thumb Ring
44:36 Two-Man Saw
43:35 Bodkin Arrow
45:45 Steppe Husbandry
46:05 Conscription
46:02 Light Cavalry
DerPuck
8:56 Feudal Age
10:47 Double-Bit Axe
13:56 Horse Collar
14:09 Fletching
18:37 Wheelbarrow
18:44 Wheelbarrow
21:19 Castle Age
19:49 Gold Mining
20:03 Padded Archer Armor
20:02 Loom
21:56 Scale Mail Armor
22:42 Bloodlines
22:33 Husbandry
22:40 Bodkin Arrow
22:16 Pikeman
23:21 Hand Cart
23:30 Bow Saw
24:14 Squires
24:34 Thumb Ring
26:38 Ballistics
27:21 Leather Archer Armor
27:34 Hand Cart
34:33 Heavy Plow
35:53 Stone Mining
36:44 Scale Barding Armor
41:43 Light Cavalry
jcboevey
6:32 Loom
8:45 Feudal Age
14:08 Fletching
14:25 Double-Bit Axe
22:04 Castle Age
23:13 Bodkin Arrow
23:38 Bow Saw
23:23 Horse Collar
24:24 Ballistics
27:54 Wheelbarrow
29:28 Hand Cart
34:30 Imperial Age
36:26 Chemistry
36:06 Bracer
38:33 Two-Man Saw
41:31 Conscription
42:09 Elite Skirmisher
43:20 Thumb Ring
uu
11:23 Feudal Age
12:13 Horse Collar
12:18 Double-Bit Axe
14:52 Loom
17:43 Castle Age
17:21 Fletching
18:07 Padded Archer Armor
19:10 Heavy Plow
19:22 Bow Saw
25:13 Wheelbarrow
26:29 Hand Cart
28:58 Gold Mining
29:02 Stone Mining
31:10 Gold Shaft Mining
34:12 Imperial Age
32:58 Ballistics
33:20 Forging
33:15 Scale Barding Armor
33:13 Husbandry
33:30 Bloodlines
34:15 Pikeman
35:35 Iron Casting
35:20 Chain Barding Armor
34:55 Halberdier
35:19 Treadmill Crane
36:40 Chemistry
36:30 Crop Rotation
37:17 Blast Furnace
37:18 Scale Mail Armor
37:25 Squires
38:10 Conscription
40:23 Timurid Siegecraft
41:23 Plate Barding Armor
42:21 Siege Engineers
42:13 Bodkin Arrow
42:07 Arson
42:24 Caravan
44:10 Elite Steppe Lancer
[GDL] Maldito Pantoja
12:15 Feudal Age
14:00 Loom
17:22 Castle Age
17:28 Castle Age
17:00 Double-Bit Axe
16:58 Horse Collar
23:44 Wheelbarrow
24:23 Gold Mining
26:20 Scale Barding Armor
27:33 Heavy Plow
28:11 Gold Shaft Mining
31:29 Imperial Age
29:34 Stone Mining
30:03 Forging
30:33 Bloodlines
30:23 Husbandry
31:22 Chain Barding Armor
32:16 Hand Cart
33:01 Conscription
33:09 Town Watch
34:21 Plate Barding Armor
34:24 Iron Casting
35:32 Bow Saw
37:54 Blast Furnace
36:39 Elite Mameluke
38:14 Coinage
40:48 Banking
41:45 Chemistry
41:05 Ballistics
47:02 Town Patrol
47:54 Caravan
bumbsbomba74
7:58 Feudal Age
8:04 Man-at-Arms
11:09 Double-Bit Axe
13:01 Horse Collar
20:48 Castle Age
20:42 Scale Barding Armor
21:02 Gold Mining
22:53 Bow Saw
29:05 Wheelbarrow
28:37 Stone Mining
28:56 Fletching
33:20 Imperial Age
30:54 Bodkin Arrow
31:00 Padded Archer Armor
31:26 Husbandry
32:10 Bloodlines
32:12 Padded Archer Armor
33:34 Ballistics
34:12 Bracer
34:56 Stone Shaft Mining
35:49 Chemistry
35:43 Conscription
36:27 Thumb Ring
37:38 Elite Mangudai
41:44 Gold Shaft Mining
41:35 Leather Archer Armor
41:52 Parthian Tactics
42:27 Masonry
42:25 Siege Engineers
43:41 Forging
43:44 Light Cavalry
44:50 Chain Barding Armor
44:34 Hussar
45:58 Iron Casting
47:01 Hand Cart
Tada
7:44 Loom
10:06 Feudal Age
10:12 Man-at-Arms
11:02 Double-Bit Axe
12:48 Arson
15:54 Forging
17:30 Scale Mail Armor
21:43 Gold Mining
22:05 Stone Mining
24:35 Castle Age
23:58 Horse Collar
25:17 Long Swordsman
25:43 Gambesons
25:58 Squires
28:11 Bow Saw
31:10 Heavy Plow
31:54 Scale Barding Armor
32:07 Chain Mail Armor
33:44 Pikeman
36:03 Chieftains
38:12 Iron Casting
41:39 Imperial Age
38:56 Town Watch
41:59 Fletching
43:27 Blast Furnace
42:58 Plate Mail Armor
43:16 Gold Shaft Mining
42:37 Capped Ram
43:38 Siege Ram
46:22 Two-Man Saw
45:19 Two-Handed Swordsman
46:51 Siege Engineers
47:12 Conscription
Minmaj
10:13 Feudal Age
10:57 Loom
19:56 Castle Age
19:14 Bloodlines
19:32 Scale Barding Armor
20:29 Forging
20:09 Double-Bit Axe
20:07 Horse Collar
23:36 Husbandry
26:36 Wheelbarrow
28:42 Gold Mining
29:55 Stone Mining
30:24 Fletching
30:54 Light Cavalry
37:49 Imperial Age
39:02 Forging
41:11 Squires
40:56 Arson
41:49 Iron Casting
41:26 Bow Saw
41:19 Heavy Plow
42:19 Scale Mail Armor
44:10 Hand Cart
43:47 Elite Obuch
44:14 Elite Obuch
45:40 Lechitic Legacy
44:51 Winged Hussar
46:15 Crop Rotation
46:02 Chain Mail Armor
46:47 Blast Furnace
46:08 Chain Barding Armor
Connection lost

Rejoining the realm…

Still unreachable

The connection could not be restored.

Session expired

The server has moved on; the page needs a fresh start.